 Dungeon Crawl Stone Soup version 0.30.1-9-gdf580d7c3d (webtiles) character file.

Game seed: 15204824899178884400

13 jagang the Shield-Bearer (level 2, -1/24 HPs)
             Began as a Human Fighter on Sept 28, 2023.
             Slain by Terence
             ... wielding a +0 mace
              (5 damage)
             ... on level 2 of the Dungeon.
             The game lasted 00:01:13 (705 turns).

jagang the Shield-Bearer (Human Fighter)             Turns: 705, Time: 00:01:14

Health: -1/24      AC: 11    Str: 16    XL:     2   Next: 50%
Magic:  2/2        EV:  4    Int:  8    God:
Gold:   64         SH:  4    Dex: 12    Spells: 1/1 levels left

rFire   . . .        a - +0 long sword
rCold   . . .        c - +0 buckler
rNeg    . . .        g - +0 plate armour
rPois   .            (no helmet)
rElec   .            (no cloak)
rCorr   .            (no gloves)
SInv    .            (no boots)
Will    .....        (no amulet) Stlth
                     (no ring)
HPRegen 0.24/turn    (no ring)
MPRegen 0.08/turn

%: no passive effects
@: mighty
A: no striking features
a: no special abilities


You were on level 2 of the Dungeon.
You visited 1 branch of the dungeon, and saw 2 of its levels.

You collected 64 gold pieces.

Inventory:

Hand Weapons
 a - a +0 long sword (weapon)
Armour
 c - a +0 buckler (worn)
 g - a +0 plate armour (worn)
Jewellery
 b - an amulet of faith
Scrolls
 h - a scroll of fog {unknown}
 j - a scroll of noise {unknown}
Potions
 e - 2 potions of heal wounds {unknown}
 f - a potion of resistance {unknown}
 i - a potion of ambrosia {unknown}


   Skills:
 + Level 3.1 Fighting
 + Level 2.2 Long Blades
 * Level 3.1 Armour
 + Level 3.2 Shields


You had one spell level left.
You didn't know any spells.
Your spell library was empty.

Dungeon Overview and Level Annotations

Branches:
Dungeon (2/15)

Altars:

Annotations:
D:2 Terence


Message History

Found an escape hatch in the ceiling.
Found a trident.
A frilled lizard comes into view.
Found 4 stones.
The frilled lizard hisses angrily.
There is an escape hatch in the ceiling here.
An endoplasm comes into view.
Found 9 gold pieces.
Terence the Incautious comes into view.
He is wielding a +0 mace.
Terence shouts!
You block the frilled lizard's attack.
You miss the frilled lizard. The frilled lizard barely misses you.
You barely miss the frilled lizard.
The frilled lizard unfolds its giant frill.
The frilled lizard bites you but does no damage.
You hit Terence but do no damage.
The frilled lizard bites you but does no damage.
Terence hits you but does no damage. The endoplasm barely misses you.
You hit Terence.
Terence is lightly wounded.
The frilled lizard bites you but does no damage.
Terence says, "Rest in peace."
You block Terence's attack.
The endoplasm hits you but does no damage. x2
The frilled lizard bites you but does no damage.
Terence hits you with a +0 mace.
You feel very mighty all of a sudden.
The frilled lizard bites you but does no damage.
The endoplasm barely misses you. Terence hits you with a +0 mace.
You hit Terence.
Terence is moderately wounded.
You block the frilled lizard's attack. The endoplasm freezes you.
You are frozen.
Terence hits you with a +0 mace!
* * * LOW HITPOINT WARNING * * *
You hit Terence but do no damage.
Terence is moderately wounded.
The frilled lizard unfolds its giant frill.
The frilled lizard barely misses you. Terence hits you with a +0 mace.
You die...

.. #.. ##.#
### ...(
...# ###..##
###...
#......##...
#.....lJ#.#
#@@.###$#
##......#
##.#####
#<.####
##.....#
#..###..#
#.## ..# #.#
.. #.# #


You could see Terence, an endoplasm and a frilled lizard.

Vanquished Creatures
  A dart slug (D:1)
  2 endoplasms (D:1)
  A giant cockroach (D:1)
  A goblin (D:1)
  A hobgoblin (D:1)
  2 ball pythons (D:1)
  2 bats (D:1)
10 creatures vanquished.

Notes
Turn   | Place    | Note
-------+----------+-------------------------------------------
     0 | D:1      | jagang the Human Fighter began the quest for the Orb.
     0 | D:1      | Reached XP level 1. HP: 18/18 MP: 1/1
   194 | D:1      | Reached XP level 2. HP: 24/24 MP: 2/2
   698 | D:2      | Noticed Terence
   705 | D:2      | Slain by Terence

Illustrated notes

Levels and vault maps discovered:
D:1:      scummos_arrival_simple_crosswalls, layout_loops_ring,
          serial_park_tiny_1
D:2:      layout_basic, serial_shops, nicolae_lakefront_shop, shop_statue,
          basic_altar, grunt_decor_fettered, kennysheep_generic_room_11,
          uniq_terence

Action                     || total
---------------------------++-------
  Melee: Long sword        ||    33
    Use: Potion            ||     1
 Armour: Scale mail        ||    12
         Plate armour      ||    15
  Dodge: Dodged            ||    21
  Block: Buckler           ||    13
